 Dungeon Crawl Stone Soup version 0.25.1-2-g60ff931df9 (webtiles) character file.

Game seed: 702711882527338584

25 Josoe the Scratcher (level 2, -2/12 HPs)
             Began as a Felid Transmuter on Aug 21, 2020.
             Slain by a worm (7 damage)
             ... on level 2 of the Dungeon.
             The game lasted 00:23:58 (2036 turns).

Josoe the Scratcher (Felid Transmuter)              Turns: 2036, Time: 00:23:59

Health: -2/12      AC:  1    Str:  6    XL:     2   Next: 86%
Magic:  6/6        EV: 18    Int: 14    God:
Gold:   83         SH:  0    Dex: 16    Spells: 4/5 levels left
                                        Lives:  0   Deaths: 0

rFire    . . .     SeeInvis +     - Unarmed
rCold    . . .     Gourm    .   (shield unavailable)
rNeg     . . .     Faith    .   (armour unavailable)
rPois    .         Spirit   .   (helmet unavailable)
rElec    .         Reflect  .   (cloak unavailable)
rCorr    .         Harm     .   (gloves unavailable)
MR       .....                  (boots unavailable)
Stlth    ++........             (no amulet)
HPRegen  0.04/turn              (no ring)
MPRegen  0.10/turn              (no ring)

@: quick
A: very small, no armour, no weapons or thrown items, stealth, claws 1, fangs 3,
see invisible, carnivore, speed 1, shaggy fur 1, slow metabolism 1, sharp paws
a: no special abilities


You were on level 2 of the Dungeon.
You were not hungry.

You visited 1 branch of the dungeon, and saw 2 of its levels.

You collected 83 gold pieces.

Inventory:

Hand Weapons
 b - a +0 mace
 c - a +0 dagger
 l - a cursed -3 club
 n - a +0 dagger
 r - a +0 hand axe
 t - a +0 spear
Missiles
 a - 41 arrows
 d - 5 javelins
 e - 82 stones
 g - 36 sling bullets
Armour
 h - a +0 pair of gloves
 m - a +0 pair of boots
 o - a +0 ring mail
 p - a +2 pair of gloves
 q - a +0 robe
 u - a +0 robe
 v - a +0 plate armour
 w - a +0 chain mail
Wands
 x - a wand of clouds (5)
Scrolls
 i - a scroll of identify {unknown}
 j - a scroll of magic mapping {unknown}
 s - a scroll of fear {unknown}
Potions
 f - a potion of might {unknown}
Comestibles
 k - 2 rations


   Skills:
 + Level 1.0 Fighting
 + Level 2.8 Dodging
 + Level 1.1 Stealth
 + Level 3.6 Unarmed Combat
 + Level 2.2 Spellcasting
 + Level 2.4 Transmutations


You had 4 spell levels left.
You knew the following spells:

 Your Spells              Type           Power        Failure   Level  Hunger
a - Beastly Appendage     Tmut           #.....       9%          1    #......

Your spell library contained the following spells:

 Spells                   Type           Power        Failure   Level  Hunger
 Sticks to Snakes         Tmut           #.......     13%         2    ###....
 Spider Form              Tmut/Pois      #.........   38%         3    ###....
 Ice Form                 Ice/Tmut       #.......     80%         4    #####..
 Blade Hands              Tmut           #.........   94%         5    ######.


Dungeon Overview and Level Annotations

Branches:
Dungeon (2/15)

Altars:


Innate Abilities, Weirdness & Mutations

You cannot wear armour.
You are incapable of wielding weapons or throwing items.
Your paws allow you to move quietly. (Stealth)
You have sharp claws.
You have razor-sharp teeth.
You have supernaturally acute eyesight. (SInv)
You are carnivorous and can eat meat at any time.
You cover ground quickly.
You are covered in fur. (AC +1)
You have a slow metabolism.
Your sharp claws are effective at attacking unaware monsters.


Message History

The bat hits you but does no damage. The bat misses you.
You scratch the bat.
You kill the bat!
Your Stealth skill increases to level 1!
You see here a bat corpse.
A worm comes into view.
Found a hunting sling.
You scratch the worm.
The worm is moderately wounded.
You scratch the worm.
The worm is heavily wounded.
The worm bites you!
Ouch! That really hurt!
You barely miss the worm.
The worm is heavily wounded.
You scratch the worm. You bite the worm.
The worm is severely wounded.
The worm bites you!
Ouch! That really hurt!
You die...

#.#####. #.# #. #.# #.
###########.#####. #
#..........†#...#.
#..###.#########.......
#.....................#
####.###.##########.....#
#..)...w@# ##...##
#.##...### #.### ###.#
####.# #.# #....# #.#
#.#### #.# #.# #.# #.#
#.# #.# #†#####


You could see a worm.

Vanquished Creatures
  A leopard gecko (D:1)
  2 giant cockroaches
  3 goblins (D:1)
  3 hobgoblins
  5 bats
  3 frilled lizards (D:1)
  8 rats
25 creatures vanquished.

Notes
Turn   | Place    | Note
-------+----------+-------------------------------------------
     0 | D:1      | Josoe the Felid Transmuter began the quest for the Orb.
     0 | D:1      | Reached XP level 1. HP: 9/9 MP: 4/4
   446 | D:1      | Reached XP level 2. HP: 4/12 MP: 6/6
  1981 | D:2      | Reached skill level 1 in Stealth
  2036 | D:2      | Slain by a worm

Illustrated notes

Levels and vault maps discovered:
D:1:      matt_arrival_diagonals, layout_basic
D:2:      layout_loops_ring, nicolae_overflow_hidden_temple, marbit_many_paths

Skill      XL: |  1  2 |
---------------+-------+-----
Stealth        | 1 |  1.1
Fighting       | |  1.0
Dodging        | |  2.8
Unarmed Combat | |  3.6
Spellcasting   | |  2.2
Transmutations | |  2.4

Action                   || total
-------------------------++-------
Melee: Unarmed           ||    96
       Bite              ||     4
       Headbutt          ||     3
       Punch             ||     2
 Cast: Beastly Appendage ||     9
  Use: Scroll            ||     1
 Stab: Sleeping          ||     4
  Eat: Chunk             ||     1
       Ration            ||     1
Armor: Skin              ||     5
Dodge: Dodged            ||    66
